 Dungeon Crawl Stone Soup version 0.30.0-5-g1a98f26d00 (webtiles) character file.

Game seed: 18404894136969214939

7440 Esekla the Covert (level 11, -2/112 HPs)
             Began as an Octopode Warper on May 9, 2023.
             Was an Initiate of Gozag.
             Slain by a vampire mosquito (3 damage)
             ... on level 10 of the Dungeon.
             The game lasted 01:18:31 (13439 turns).

Esekla the Covert (Octopode Warper)                Turns: 13439, Time: 01:18:32

Health: -2/112     AC: 25    Str: 10    XL:     11   Next: 15%
Magic:  20/20      EV:  2    Int: 20    God:    Gozag
Gold:   190        SH:  0    Dex: 12    Spells: 17/22 levels left

rFire   . . .        a - +1 long sword (protect)
rCold   . . .        (no shield)
rNeg    . . .        (helmet currently unavailable)
rPois   +            N - amulet of reflection
rElec   .            D - ring of flight
rCorr   .            (no ring)
SInv    .            (no ring)
Will    .....        (no ring)
Stlth   ++           (no ring)
HPRegen 0.38/turn    (no ring)
MPRegen 0.17/turn    (no ring)
                     (no ring)

%: reflection
@: confused, tree-form, ambrosia-drunk, studying Stealth
A: stationary, stasis, torment immunity, boosted hp, almost no armour,
(amphibious), 8 rings, (camouflage 1), (gelatinous body 1), (nimble swimmer 1),
(tentacles)
a: Renounce Religion, Potion Petition, Call Merchant, Bribe Branch


You were on level 10 of the Dungeon.
You worshipped Gozag.
Gozag was aware of your devotion.
You were a tree.
You visited 2 branches of the dungeon, and saw 11 of its levels.
You also visited: Ossuary and Bailey.

You collected 1234 gold pieces.
You spent 960 gold pieces at shops.
You paid 84 gold pieces to Gozag.

Inventory:

Hand Weapons
 a - a +1 long sword of protection (weapon)
 r - a +0 trident of flaming
 s - a +2 dagger of protection
 v - a +2 dagger of venom
 P - the +9 war axe of Gorph {freeze, Int+4}
   (You found it on level 9 of the Dungeon)

   Int:       It affects your intelligence (+4).
Missiles
 q - 3 throwing nets
 u - a curare-tipped dart
 K - 7 poisoned darts
 O - 5 silver javelins (quivered)
Armour
 E - a +0 kite shield
Jewellery
 o - an amulet of guardian spirit
 D - a ring of flight (left branch)
 M - an amulet of the acrobat
 N - an amulet of reflection (around neck)
Wands
 e - a wand of paralysis (8)
 g - a wand of iceblast (6)
 t - a wand of digging (9)
 B - a wand of mindburst (14)
 C - a wand of flame (28)
Scrolls
 b - a scroll of magic mapping {unknown}
 c - 4 scrolls of teleportation {unknown}
 l - a scroll of enchant weapon
 n - a scroll of torment {unknown}
 p - 2 scrolls of fog
 x - 3 scrolls of blinking
 y - a scroll of poison {unknown}
 z - a scroll of enchant armour {unknown}
 A - a scroll of acquirement {unknown}
 H - 3 scrolls of fear
 J - 2 scrolls of silence
Potions
 d - 2 potions of mutation
 f - a potion of ambrosia
 h - 2 potions of might
 i - a potion of experience
 j - a potion of flight
 k - 2 potions of lignification
 m - 3 potions of attraction
 w - a potion of haste {unknown}
 F - 3 potions of cancellation {unknown}
 G - 3 potions of curing
 I - a potion of brilliance {unknown}
 L - 3 potions of resistance {unknown}
 Q - a potion of magic {unknown}


   Skills:
 * Level 7.2 Fighting
 + Level 5.9(7.7) Short Blades
 * Level 7.6(8.6) Long Blades
 + Level 3.8 Throwing
 + Level 5.2 Dodging
 + Level 9.5 Stealth
 * Level 1.8 Shields
 * Level 6.1 Spellcasting
 + Level 3.3 Translocations
 * Level 3.5 Air Magic
 + Level 1.9 Evocations


You had 17 spell levels left.
You knew the following spells:

 Your Spells              Type           Power      Damage    Failure   Level
b - Blink                 Tloc           38%        N/A       4%          2
h - Vhi's Electric Charg  Tloc/Air       38%        N/A       8%          3

Your spell library contained the following spells:

 Spells                   Type           Power      Damage    Failure   Level
 Lesser Beckoning         Tloc           38%        N/A       4%          2
 Swiftness                Air            20%        N/A       8%          3
 Teleport Other           Tloc           19%        N/A       8%          3
 Sandblast                Erth           12%        2d6       11%         1
 Ensorcelled Hibernation  Hex/Ice        12%        N/A       16%         2
 Passwall                 Tmut/Erth      5%         N/A       16%         2
 Manifold Assault         Tloc           19%        N/A       26%         4
 Passage of Golubria      Tloc           19%        N/A       26%         4
 Stone Arrow              Conj/Erth      12%        3d7       30%         3
 Tukima's Dance           Hex            6%         N/A       30%         3
 Yara's Violent Unravell  Hex/Tmut       3%         3d4       96%         5


Dungeon Overview and Level Annotations

Branches:
Dungeon (10/15)            Temple (1/1) D:7         Ossuary (visited)
 Bailey (visited)
   Lair: D:8-11         Orc: D:9-12

Altars:
Ashenzari
Cheibriados
Dithmenos
Elyvilon
Fedhas
Gozag
Hepliaklqana
Kikubaaqudgha
Makhleb
Nemelex Xobeh
Okawaru
Qazlal
Ru
Sif Muna
Trog
Uskayaw
Vehumet
Wu Jian
Xom
Yredelemnul
Zin
The Shining One

Shops:
D:4 (   D:5 :   D:6 !

Annotations:
D:5 gnolls
D:10 Sonja


Innate Abilities, Weirdness & Mutations

You are a tree.
Your roots penetrate the ground, keeping you stationary.
You cannot be teleported.
You are immune to unholy pain and torment.
Your maximum health is greatly increased.
You cannot wear most types of armour.
((You are amphibious.))
You can wear up to eight rings at the same time.
((Your skin changes colour to match your surroundings (Stealth+).))
((Your rubbery body absorbs attacks. (AC +1, EV +1)))
((You are camouflaged when in or above water. (Stealth+)))
((You have tentacles for arms and can constrict up to eight enemies at once.))


Message History

The vampire mosquito draws strength from your injuries!
The vampire mosquito bites you but does no damage.
You feel better.
The vampire mosquito bites you but does no damage.
You block the vampire mosquito's attack.
You hit the vampire mosquito.
The vampire mosquito is severely damaged.
The vampire mosquito bites you but does no damage.
The vampire mosquito bites you.
* * * LOW HITPOINT WARNING * * *
The vampire mosquito draws strength from your injuries!
You hit the vampire mosquito but do no damage.
The vampire mosquito is severely damaged.
The vampire mosquito bites you but does no damage.
You barely miss the vampire mosquito.
The vampire mosquito is severely damaged.
The vampire mosquito bites you but does no damage.
The vampire mosquito bites you.
* * * LOW HITPOINT WARNING * * *
The vampire mosquito draws strength from your injuries!
You barely miss the vampire mosquito.
The vampire mosquito is heavily damaged.
The vampire mosquito bites you but does no damage. x2
You barely miss the vampire mosquito.
The vampire mosquito is heavily damaged.
You block the vampire mosquito's attack.
The vampire mosquito bites you.
* * * LOW HITPOINT WARNING * * *
The vampire mosquito draws strength from your injuries!
You closely miss the vampire mosquito.
The vampire mosquito is moderately damaged.
You block the vampire mosquito's attack.
The vampire mosquito bites you but does no damage.
You are confused.
You feel invigorated. The vampire mosquito bites you!
* * * LOW HITPOINT WARNING * * *
The vampire mosquito draws strength from your injuries!
The vampire mosquito bites you.
You die...
Your body crumbles into a pile of gold.

.....y.................
....y....###...#######.
######...# #...# . #
#.y.###...#######.. #
#..................
######.$................
..{y$.?..#######........
o...$....# #........
######y..#######♣.......
#.........y$.......
#..................
#..................
.....########........
.....# #........ ...
#........ .. #........ .
.......


You could see a vampire mosquito.

Vanquished Creatures
  A two-headed ogre (D:9)
  An orc knight (Bailey)
  A deep elf pyromancer (Bailey)
  2 yaks (D:9)
  A wyvern (D:8)
  2 vampire mosquitoes (D:10)
  A steam dragon (D:6)
  An acid dragon (D:9)
  Duvessa (D:6)
  4 orc warriors (Bailey)
  An ice beast (D:4)
  A sky beast (D:8)
  2 black bears
  9 centaurs
  2 phantoms
  4 kobold brigands
  A gnoll sergeant (D:5)
  3 bullfrogs (D:7)
  3 scorpions
  12 wights
  Dowan (D:6)
  17 killer bees
  A hound (D:6)
  5 orc priests
  4 iguanas
  3 sleepcaps
  Jessica (D:2)
  Natasha (thrice) (D:4)
  8 orc wizards
  14 mummies
  12 gnolls
  7 adders
  3 shadow imps
  A white imp (D:8)
  A worm (D:3)
  3 dart slugs (D:2)
  45 orcs
  6 bats
  6 endoplasms
  2 giant cockroaches
  14 goblins
  5 hobgoblins
  6 jackals
  23 kobolds
  10 ball pythons
  7 frilled lizards
  A gnoll skeleton (Ossuary)
  2 goblin skeletons (Ossuary)
  4 kobold skeletons (Ossuary)
  An orc skeleton (Ossuary)
  3 rats
  11 rat skeletons (Ossuary)
283 creatures vanquished.

Notes
Turn   | Place    | Note
-------+----------+-------------------------------------------
     0 | D:1      | Esekla the Octopode Warper began the quest for the Orb.
     0 | D:1      | Reached XP level 1. HP: 14/14 MP: 3/3
   202 | D:1      | Reached XP level 2. HP: 14/19 MP: 5/5
   229 | D:1      | Learned a level 2 spell: Blink
   529 | D:1      | Found a faded altar of an unknown god.
   924 | D:1      | Reached XP level 3. HP: 24/24 MP: 6/6
  1285 | D:2      | Reached skill level 1 in Stealth
  1471 | D:2      | Noticed Jessica
  1565 | D:2      | Found a blossoming altar of Fedhas.
  1573 | D:2      | Reached skill level 2 in Stealth
  1727 | D:2      | Reached XP level 4. HP: 30/30 MP: 7/7
  1801 | D:2      | Killed Jessica
  2335 | D:4      | Noticed Natasha
  2356 | D:4      | Killed Natasha
  2357 | D:4      | Reached XP level 5. HP: 21/36 MP: 8/8
  2455 | D:4      | Noticed Natasha
  2464 | D:4      | Killed Natasha
  2601 | D:3      | Found a burning altar of Makhleb.
  2724 | D:3      | Reached skill level 3 in Stealth
  2724 | D:3      | Reached XP level 6. HP: 35/42 MP: 7/10
  3128 | D:3      | Reached skill level 1 in Short Blades
  3211 | D:4      | Noticed an ice beast
  3379 | D:4      | Found Jutegup's Antique Weapon Emporium.
  3587 | D:4      | Noticed Natasha
  3595 | D:4      | Killed Natasha
  3596 | D:4      | Reached XP level 7. HP: 47/47 MP: 11/11
  3609 | D:5      | Entered Level 5 of the Dungeon
  4286 | D:5      | Reached skill level 4 in Stealth
  4517 | D:5      | Found a hazy altar of Hepliaklqana.
  4521 | D:5      | Found a hide-covered altar of Uskayaw.
  4670 | D:5      | Found Jyguug's Self-Improvement Boutique.
  5126 | D:5      | Reached XP level 8. HP: 54/54 MP: 13/13
  5243 | D:5      | Reached skill level 5 in Stealth
  5414 | D:6      | Noticed Dowan
  5505 | D:6      | Noticed Duvessa
  5532 | D:6      | Found Joriugoi's Distillery.
  5596 | D:6      | Reached skill level 6 in Stealth
  5692 | D:6      | Reached skill level 5 in Fighting
  5692 | D:6      | Reached skill level 5 in Long Blades
  5784 | D:5      | Reached skill level 7 in Stealth
  5920 | D:6      | Killed Duvessa
  5921 | D:6      | Reached XP level 9. HP: 48/61 MP: 11/15
  5942 | D:6      | Found a sand-covered staircase.
  5968 | Ossuary  | Entered an ossuary
  6745 | D:7      | Found a staircase to the Ecumenical Temple.
  6753 | Temple   | Entered the Ecumenical Temple
  6819 | Temple   | Became a worshipper of Gozag Ym Sagoz the Greedy
  6955 | D:7      | Found a flagged portal.
  6963 | Bailey   | Entered a bailey
  7045 | Bailey   | Noticed an orc knight
  7051 | Bailey   | Reached skill level 8 in Stealth
  7433 | Bailey   | Killed an orc knight
  7434 | Bailey   | Reached skill level 5 in Short Blades
  7530 | Bailey   | Found a large runed translucent door.
  7530 | Bailey   | Found a large runed translucent door.
  7531 | Bailey   | Noticed a deep elf pyromancer
  7550 | Bailey   | Learned a level 3 spell: Vhi's Electric Charge
  7555 | Bailey   | Killed a deep elf pyromancer
  7556 | Bailey   | Reached skill level 9 in Stealth
  7556 | Bailey   | Reached skill level 5 in Spellcasting
  7556 | Bailey   | Reached skill level 1 in Air Magic
  7556 | Bailey   | Reached skill level 1 in Evocations
  7556 | Bailey   | Reached XP level 10. HP: 68/68 MP: 17/17
  7858 | D:6      | Killed Dowan
 10261 | D:9      | Identified the +9 war axe of Gorph {freeze, Int+4}
 10309 | D:9      | Noticed a two-headed ogre
 10713 | D:9      | Reached skill level 1 in Shields
 11056 | D:5      | Bought a manual of Stealth for 960 gold pieces
 12017 | D:9      | Killed a two-headed ogre
 12018 | D:9      | Reached skill level 5 in Dodging
 12018 | D:9      | Reached XP level 11. HP: 75/75 MP: 19/19
 12370 | D:10     | Entered Level 10 of the Dungeon
 12370 | D:10     | Noticed Sonja
 13415 | D:10     | HP: 1/75 [vampire mosquito (10)]
 13437 | D:10     | HP: 5/112 [vampire mosquito (5)]
 13439 | D:10     | HP: 1/112 [vampire mosquito (9)]
 13439 | D:10     | Slain by a vampire mosquito

Illustrated notes

Levels and vault maps discovered:
D:1:      sevenhm_arrival_forest_fort_small_3, layout_loops_corners,
          basic_ecumenical_altar
D:2:      layout_basic, basic_altar, uniq_jessica
D:3:      layout_basic, mainiacjoe_overflow_tiny_flanked
D:4:      layout_cave_pools, serial_shops, shop, uniq_natasha
D:5:      layout_loops_ring, grunt_temple_overflow_open, nicolae_shop_self_help
D:6:      layout_rooms, gup_ossuary_entry_pyramid, kennysheep_diamond,
          uniq_duvessa
D:7:      layout_basic, minmay_temple_entry_enclosed_plants, enter_bailey_1,
          serial_park_tiny_2
D:8:      layout_loops_ring, serial_glass, glass_columns_c, glass_columns_a,
          minmay_strange_pillars, item_on_display_a, feat_on_display,
          due_unseen_surprise
D:9:      layout_long_grid
D:10:     layout_small_grid, serial_shops, shop, serial_bayou_crossing,
          uniq_sonja
Temple:   compressed_dpeg_triangle_lava_temple

Skill      XL: |  1  2  3  4  5  6  7  8  9 10 11 |
---------------+----------------------------------+-----
Stealth        | 2 3 4 7 9 |  9.5
Long Blades    | 3 4 5 6 7 |  7.6
Fighting       | 3 4 5 7 |  7.2
Short Blades   | 1 2 4 5 |  5.9
Dodging        | 3 4 5 |  5.2
Spellcasting   | 3 4 5 6 |  6.1
Throwing       | 2 3 |  3.8
Air Magic      | 1 3 |  3.5
Evocations     | 1 |  1.9
Shields        | 1 |  1.8
Translocations | |  3.3

Action                     |  1- 3 |  4- 6 |  7- 9 | 10-12 || total
---------------------------+-------+-------+-------+-------++-------
  Melee: Falchion          |    68 |    50 |     3 |       ||   121
         Tentacles         |    17 |    28 |    94 |    73 ||   212
         Constrict         |    17 |    35 |    62 |    42 ||   156
         Dagger            |    11 |    93 |   293 |   144 ||   541
         Punch             |     1 |     1 |     5 |     3 ||    10
         Long sword        |       |       |       |   163 ||   163
  Throw: Boomerang         |       |       |     7 |       ||     7
         Dart              |       |       |    24 |    24 ||    48
         Javelin           |       |       |       |     1 ||     1
  Evoke: Wand              |       |       |     9 |     5 ||    14
    Use: Potion            |       |     1 |     2 |     8 ||    11
         Scroll            |       |     8 |     8 |     3 ||    19
   Stab: Sleeping          |     7 |     9 |    24 |    13 ||    53
         Distracted        |       |     1 |     2 |     4 ||     7
         Paralysed         |       |       |     1 |       ||     1
 Armour: Skin              |     5 |     9 |    12 |    60 ||    86
  Dodge: Dodged            |    39 |    96 |   154 |   206 ||   495
  Block: Other             |       |       |       |    35 ||    35
         Reflection        |       |       |       |     1 ||     1
